 Dungeon Sprint DCSS version 0.18.1-48-g4cf74bf (webtiles) character file.

1228 Joat the Bludgeoner (level 8, -16/111 HPs)
             Began as a Troll Berserker on July 28, 2016.
             Was an Elder of Trog.
             Shot with an arrow by a centaur warrior (31 damage)
             ... in the Dungeon (Sprint I: "Red Sonja").
             The game lasted 00:13:09 (446 turns).

Joat the Bludgeoner (Troll Berserker)                Turns: 446, Time: 00:13:10

Health: -16/111    AC:  5    Str: 32    XL:     8   Next: 23%
Magic:  7/7        EV: 10    Int:  3    God:    Trog [****..]
Gold:   405        SH:  0    Dex: 10    Spells: 0 memorised, 7 levels left

rFire  . . .     SeeInvis .     l - +0 giant spiked club
rCold  . . .     Gourm    +     b - +0 animal skin
rNeg   . . .     Faith    .     (shield currently unavailable)
rPois  .         Spirit   .     (helmet restricted)
rElec  .         Dismiss  .     (no cloak)
rCorr  .         Reflect  .     (gloves unavailable)
SustAt .         Harm     .     (boots unavailable)
MR     ++...     NoTele   +     (no amulet)
Stlth  ..........               (no ring)
                                (no ring)

@: berserking, regenerating, very quick, very resistant to hostile enchantments,
extremely unstealthy
A: unfitting armour, claws 3, fast metabolism 3, gourmand, regeneration 2,
shaggy fur 1, tough skin 2
a: Berserk, Trog's Hand, Brothers in Arms, Burn Spellbooks, Renounce Religion


You were in the Dungeon.
You worshipped Trog.
Trog was greatly pleased with you.
You were not hungry.

You visited 1 branch You collected 405 gold pieces.

Inventory:

Hand Weapons
 a - a +0 mace
 k - a +0 club
 l - a +0 giant spiked club (weapon)
 m - a +0 scythe
 q - a +3 dagger
Armour
 b - a +0 animal skin (worn)
 n - a +0 robe
Wands
 j - a wand of slowing (27/48)
Scrolls
 i - a scroll of blinking
 o - a scroll of enchant weapon {unknown}
 p - a scroll of holy word {unknown}
Potions
 d - a potion of curing
 e - a potion of heal wounds
 f - a potion of haste
 g - 2 potions of magic
 h - a potion of berserk rage
Comestibles
 c - a bread ration


   Skills:
 + Level 2.8 Fighting
 * Level 15.7 Maces & Flails
 + Level 1.2 Armour
 + Level 2.8 Dodging


You had 7 spell levels left.
You didn't know any spells.

Dungeon Overview and Level Annotations

Branches:
Dungeon (1/1)

Altars:
Cheibriados
Dithmenos
Elyvilon
Fedhas
Gozag
Kikubaaqudgha
Makhleb
Nemelex Xobeh
Okawaru
Pakellas
Qazlal
Ru
Sif Muna
Trog
Vehumet
Xom
Yredelemnul
Zin
The Shining One
Jiyva

Shops:
D *


Innate Abilities, Weirdness & Mutations

You are too large for most types of armour.
You have claws for hands.
Your metabolism is lightning-fast.
You like to eat raw meat.
You heal very quickly.
You are covered in fur (AC +1).
You have very tough skin (AC +2).


Message History

You hear a splash.
The centaur warrior shoots an arrow.
The arrow hits you!
You hear a splash.
You see here 2 arrows.
Your skin crawls.
You feel resistant to hostile enchantments.
You feel slightly more hungry.
The centaur warrior shoots an arrow.
The arrow hits you!
* * * LOW HITPOINT WARNING * * *
You hear a splash.
The centaur warrior shoots an arrow.
The arrow completely misses you.
You hear a splash.
Press: ? - help, v - describe, . - travel The floor.
There is a cloud of purple smoke here.
A red film seems to cover your vision as you go berserk!
You feel yourself moving faster!
You feel mighty!
You feel somewhat more hungry.
The centaur warrior shoots an arrow.
The arrow hits you!!
You die...

########################
.#..'..#..'..#__#..)...#
.'..#..'÷.#..'..'.[#...#
.#####'#####'#__####...+
.####..#...#.####§§#####
.#__####..##§#(§§§c#
.#_.___##'#..§≈≈@§§+
⌠#_.∩...÷..._#§§§§c#
##_..._##_.#+##+####
#_____###+# #######


You could see 2 centaur warriors.

Vanquished Creatures
  2 kobold demonologists (D)
  A slime creature (D)
  Sigmund (D)
  A yak (D)
  A giant eyeball (D)
  An ogre (D)
  A jelly (D)
  Ijyb (D)
9 creatures vanquished.

Notes
Turn   | Place    | Note
--------------------------------------------------------------
     0 | D        | Joat the Troll Berserker began the quest for the Orb.
     0 | D        | Reached XP level 1. HP: 22/22 MP: 0/0
     1 | D        | Noticed Ijyb
     9 | D        | Killed Ijyb
     9 | D        | Reached skill level 5 in Maces & Flails
     9 | D        | Reached XP level 2. HP: 29/29 MP: 1/1
    57 | D        | Noticed an ogre
    65 | D        | Killed an ogre
    65 | D        | Reached ** piety under Trog
    65 | D        | Reached skill level 8 in Maces & Flails
    65 | D        | Reached XP level 3. HP: 36/36 MP: 2/2
    65 | D        | Reached XP level 4. HP: 44/44 MP: 3/3
   102 | D        | Noticed Sigmund
   114 | D        | Killed Sigmund
   114 | D        | Reached skill level 11 in Maces & Flails
   114 | D        | Reached XP level 5. HP: 50/50 MP: 4/4
   162 | D        | Found a snail-covered altar of Cheibriados.
   162 | D        | Found a viscous altar of Jiyva.
   162 | D        | Found a shadowy altar of Dithmenos.
   162 | D        | Found a blossoming altar of Fedhas.
   162 | D        | Noticed a slime creature
   168 | D        | Killed a slime creature
   168 | D        | Reached skill level 13 in Maces & Flails
   168 | D        | Reached XP level 6. HP: 46/59 MP: 5/5
   210 | D        | Found a deep blue altar of Sif Muna.
   212 | D        | Found a radiant altar of Vehumet.
   215 | D        | Reached *** piety under Trog
   283 | D        | Noticed a kobold demonologist
   283 | D        | Noticed a giant eyeball
   286 | D        | Killed a giant eyeball
   286 | D        | Reached XP level 7. HP: 66/66 MP: 6/6
   299 | D        | Noticed a kobold demonologist
   300 | D        | Noticed a ynoxinul
   300 | D        | Noticed a rust devil
   300 | D        | Killed a kobold demonologist
   300 | D        | Reached skill level 14 in Maces & Flails
   304 | D        | Noticed a neqoxec
   304 | D        | Killed a kobold demonologist
   304 | D        | Reached **** piety under Trog
   304 | D        | Reached skill level 15 in Maces & Flails
   304 | D        | Reached XP level 8. HP: 5/74 MP: 7/7
   405 | D        | Found Xaytappo's Assorted Antiques.
   405 | D        | Found a white marble altar of Elyvilon.
   405 | D        | Found a stormy altar of Qazlal.
   405 | D        | Found a burning altar of Makhleb.
   405 | D        | Found a sacrificial altar of Ru.
   405 | D        | Found an oddly glowing altar of Pakellas.
   405 | D        | Found a basalt altar of Yredelemnul.
   405 | D        | Found a glowing golden altar of the Shining One.
   405 | D        | Found a sparkling altar of Nemelex Xobeh.
   405 | D        | Found a shimmering altar of Xom.
   405 | D        | Found an opulent altar of Gozag.
   405 | D        | Found an ancient bone altar of Kikubaaqudgha.
   405 | D        | Found a glowing silver altar of Zin.
   408 | D        | Reached skill level 1 in Armour
   409 | D        | Found an iron altar of Okawaru.
   427 | D        | Found a bloodstained altar of Trog.
   441 | D        | Noticed a centaur warrior
   442 | D        | Noticed a centaur warrior
   446 | D        | Shot with an arrow by a centaur warrior

Skill      XL: |  1  2  3  4  5  6  7  8 |
---------------+-------------------------+-----
Maces & Flails | 5 8 11 13 15 | 15.7
Armour         | 1 |  1.2
Fighting       | |  2.8
Dodging        | |  2.8

Action                   |  1- 3 |  4- 6 |  7- 9 || total
-------------------------+-------+-------+-------++-------
Melee: Mace              |    13 |       |       ||    13
       Giant spiked club |       |    17 |    21 ||    38
Invok: Berserk           |     2 |     4 |     1 ||     7
       Trog's Hand       |       |     1 |     1 ||     2
  Eat: Chunk             |       |     2 |     5 ||     7
       Bread ration      |       |     1 |       ||     1
Armor: Animal skin       |     2 |       |    10 ||    12
Dodge: Dodged            |     6 |     3 |    15 ||    24
